 Dungeon Crawl Stone Soup version 0.29-a0-330-g52719c12eb (webtiles) character file.

Game seed: 10690781379800360772

60 kae the Firebug (level 3, 0/28 HPs)
             Began as a Demigod Fire Elementalist on May 30, 2022.
             Slain by an iguana (10 damage)
             ... on level 3 of the Dungeon.
             The game lasted 00:02:31 (2424 turns).

kae the Firebug (Demigod Fire Elementalist)         Turns: 2424, Time: 00:02:32

Health: 0/28       AC:  2    Str:  9    XL:     3   Next: 57%
Magic:  2/8        EV: 12    Int: 21    God:
Gold:   125        SH:  0    Dex: 14    Spells: 2/6 levels left

rFire   + . .      SeeInvis .   c - +0 dagger
rCold   . . .      Faith    .   (no shield)
rNeg    . . .      Spirit   .   a - +0 robe
rPois   .          Reflect  .   (no helmet)
rElec   .          Harm     .   (no cloak)
rCorr   .          Rampage  .   (no gloves)
Will    .....                   (no boots)
Stlth   ++........              (no amulet)
HPRegen 0.09/turn               d - ring of protection from fire
MPRegen 0.11/turn               (no ring)

@: no status effects
A: high MP 1, forlorn, divine attributes
a: no special abilities


You were on level 3 of the Dungeon.
You visited 1 branch of the dungeon, and saw 3 of its levels.

You collected 125 gold pieces.

Inventory:

Hand Weapons
 c - a +0 dagger (weapon)
Armour
 a - a +0 robe (worn)
Jewellery
 d - a ring of protection from fire (left hand)
Scrolls
 g - a scroll of fear
Potions
 b - a potion of magic
 h - a potion of curing
 j - a potion of cancellation
 k - a potion of flight
 l - a potion of mutation


   Skills:
 + Level 1.0 Fighting
 - Level 1.7 Dodging
 - Level 1.7 Stealth
 + Level 2.1 Spellcasting
 * Level 2.0 Conjurations
 * Level 3.3 Fire Magic


You had 2 spell levels left.
You knew the following spells:

 Your Spells              Type           Power      Damage    Failure   Level
a - Foxfire               Conj/Fire      52%        2x1d6     4%          1
b - Scorch                Fire           32%        2d6       5%          2
c - Beastly Appendage     Tmut           4%         N/A       14%         1

Your spell library contained the following spells:

 Spells                   Type           Power      Damage    Failure   Level
 Wereblood                Tmut           2%         N/A       22%         2
 Conjure Flame            Conj/Fire      13%        6-21      14%         3
 Inner Flame              Hex/Fire       9%         N/A       22%         3
 Spider Form              Tmut/Pois      2%         N/A       41%         3
 Flame Wave               Conj/Fire      13%        2d6       43%         4


Dungeon Overview and Level Annotations

Branches:
Dungeon (3/15)

Shops:
D:3 (


Innate Abilities, Weirdness & Mutations

You have an increased reservoir of magic. (+10% MP)
You shall have no god before yourself.
Your divine heritage dramatically boosts your attributes as you level up.


Message History

You conjure some foxfire!
The foxfire hits the iguana.
The iguana is lightly wounded.
The iguana hisses angrily.
A jackal comes into view.
The foxfire hits the iguana but does no damage.
The iguana is lightly wounded.
Your foxfire dissipates!
Casting: Foxfire (safe; 4% risk of failure)
Confirm with . or Enter, or press ? or * to list all spells.
You conjure some foxfire!
The foxfire hits the iguana but does no damage.
The iguana is lightly wounded.
The foxfire hits the iguana but does no damage.
The iguana is lightly wounded.
Casting: Foxfire (safe; 4% risk of failure)
Confirm with . or Enter, or press ? or * to list all spells.
You conjure some foxfire!
The foxfire hits the iguana but does no damage.
The iguana is lightly wounded.
The foxfire hits the iguana but does no damage.
The iguana is lightly wounded.
Casting: Foxfire (safe; 4% risk of failure)
Confirm with . or Enter, or press ? or * to list all spells.
You conjure some foxfire!
The iguana bites you.
The foxfire hits the iguana.
The iguana is lightly wounded.
The iguana bites you!
Casting: Foxfire (safe; 4% risk of failure)
Confirm with . or Enter, or press ? or * to list all spells.
You conjure some foxfire!
The iguana closely misses you.
The foxfire hits the iguana but does no damage.
The iguana is lightly wounded.
The iguana bites you.
Casting: Foxfire (safe; 4% risk of failure)
Confirm with . or Enter, or press ? or * to list all spells.
You conjure some foxfire!
The iguana misses you.
The foxfire hits the iguana.
The iguana is lightly wounded.
The iguana bites you!
You die...

#.####.#.#.# #.#....#.#.#
#.#(#..#.#.##
#.#.#..#.#..#####
#.#.#..#.#......#
####.#......#..###.# #
#<.....#..).#....#.#
#.###.####.#.#.......#.#.#
.........l@#.#)..#####.#.#
#.###.######.#.........#.#
.§ #...†...........# #l§
#.#.############# ...
#.....# .∩ #####.# h #.#
#.# #.#


You could see an iguana.

Vanquished Creatures
  3 dart slugs (D:2)
  6 endoplasms
  2 giant cockroaches
  4 hobgoblins
  6 jackals (D:2)
  2 quokkas
  5 ball pythons
  2 bats
  2 frilled lizards
  8 goblins
  6 kobolds
  5 rats
51 creatures vanquished.

Vanquished Creatures (collateral kills)
  A foxfire (D:1)
1 creature vanquished.

Vanquished Creatures (others)
  194 foxfires
194 creatures vanquished.

Grand Total: 246 creatures vanquished

Notes
Turn   | Place    | Note
-------+----------+-------------------------------------------
     0 | D:1      | kae the Demigod Fire Elementalist began the quest for the
                  | Orb.
     0 | D:1      | Reached XP level 1. HP: 14/14 MP: 5/5
    57 | D:1      | Reached skill level 1 in Conjurations
   352 | D:1      | Reached XP level 2. HP: 21/22 MP: 4/7
   466 | D:1      | Reached skill level 3 in Fire Magic
   469 | D:1      | Learned a level 2 spell: Scorch
  1463 | D:2      | Reached XP level 3. HP: 26/27 MP: 6/8
  1465 | D:2      | Learned a level 1 spell: Beastly Appendage
  1860 | D:2      | Reached skill level 1 in Fighting
  2377 | D:3      | Found Fyellol's Weapon Boutique.
  2424 | D:3      | Slain by an iguana

Illustrated notes

Levels and vault maps discovered:
D:1:      dpeg_arrival_tiny_g, layout_rooms,
          shapermc_ecumenical_altar_mp_urbaneastern, corner_web_ring
D:2:      layout_rooms
D:3:      kennysheep_the_goblin_king, layout_basic, serial_shops,
          nicolae_shop_stone, chequers_serial_rivers_micro_b, uniq_grinder,
          uniq_sigmund

Skill      XL: |  1  2  3 |
---------------+----------+-----
Conjurations   | 1 2 |  2.0
Fire Magic     | 3 |  3.3
Spellcasting   | 2 |  2.1
Fighting       | 1 |  1.0
Dodging        | |  1.7
Stealth        | |  1.7

Action                   || total
-------------------------++-------
Melee: Dagger            ||    20
 Cast: Foxfire           ||   117
       Scorch            ||     5
  Use: Scroll            ||     9
 Stab: Sleeping          ||     1
Armor: Robe              ||     8
Dodge: Dodged            ||    23

Table legend: (Time is in decaauts)
 A = Elapsed time spent in this place.
 B = Non-inter-level travel time spent in this place.
 C = Inter-level travel time spent in this place.
 D = Time resting spent in this place.
 E = Time spent auto-exploring this place.
 F = Levels seen in this place.
 G = Mean time per level.
                   A        B        C        D        E       F      G
               +--------+--------+--------+--------+--------+-----+--------+
         Total |   2424 |   2351 |     73 |    214 |   1660 |   3 |  808.0 |
       Dungeon |   2424 |   2351 |     73 |    214 |   1660 |   3 |  808.0 |
               +--------+--------+--------+--------+--------+-----+--------+

Top non-repeatable levels by time:
     D:1: 1403 daAuts
     D:2: 844 daAuts
     D:3: 176 daAuts
